AoeStats
← NPG | FishCL

Arabia

503488433Analyzed
4v4 RM · 1mo ago on Aug 31, 2026· 18m 40s· 8 players
Game mode
Random Map
Map size
Large (8 player)
Population
200
Speed
Normal
Resources
Standard
Victory
Conquest
Starting age
Dark Age
Ending age
Imperial Age
RankedLock teamsTeams togetherTeam positionsShared explorationLock speedFull tech treeHidden civsTurbo modeCheats
Victory
Defeat
🇦🇷 Tatars · Argentina
1840
+7
🇺🇸 Huns · United States
1603
+17
🇬🇧 Sicilians · United Kingdom
1567
+18
🇺🇸 Aztecs · United States
1503
+21
🇦🇷 Portuguese · Argentina
1715
-20
🇨🇱 Slavs · Chile
1662
-18
🇵🇪 Teutons · Peru
1560
-13
🇦🇷 Vikings · Argentina
1524
-11
NPG | FishCL
6:59 Loom
10:01 Feudal Age
14:37 Fletching
15:13 Padded Archer Armor
16:02 Double-Bit Axe
__72_KaN_Arg
6:05 Loom
8:44 Feudal Age
9:27 Double-Bit Axe
9:22 Horse Collar
21:17 Castle Age
EXILE | TurtleS3
6:29 Loom
9:07 Feudal Age
9:36 Double-Bit Axe
15:17 Wheelbarrow
16:53 Scale Barding Armor
17:34 Forging
Marcusscus
5:08 Loom
10:06 Feudal Age
10:59 Double-Bit Axe
Chiro My Hero
7:13 Loom
9:18 Feudal Age
10:08 Double-Bit Axe
10:04 Horse Collar
16:30 Scale Barding Armor
16:42 Forging
18:59 Wheelbarrow
Thundernips, The Ultimate Gigolo
9:49 Feudal Age
10:10 Loom
14:04 Fletching
Fallout
1:28 Loom
9:31 Feudal Age
14:24 Scale Barding Armor
19:10 Bloodlines
DS_VarVa
7:05 Loom
10:20 Feudal Age
10:59 Double-Bit Axe
14:02 Fletching
Connection lost

Rejoining the realm…

Still unreachable

The connection could not be restored.

Session expired

The server has moved on; the page needs a fresh start.